 Dungeon Crawl Stone Soup version 0.21.0 (webtiles) character file.

7529 FessEmpty the Cleaver (level 11, -6/80 HPs)
             Began as a Formicid Fighter on Jan 7, 2018.
             Was a Believer of Qazlal.
             Killed from afar by Fannar (35 damage)
             ... with a bolt of cold
             ... on level 10 of the Dungeon.
             The game lasted 00:58:30 (10299 turns).

FessEmpty the Cleaver (Formicid Fighter)           Turns: 10299, Time: 00:58:30

Health: -6/80      AC: 13    Str: 25    XL:     11   Next: 38%
Magic:  16/18      EV:  8    Int:  7    God:    Qazlal [**....]
Gold:   526        SH: 20    Dex: 10    Spells: 10/10 levels left

rFire    . . .     SeeInvis +   a - +1 war axe
rCold    . . .     Gourm    .   c - +0 shield
rNeg     . . .     Faith    .   x - +1 chain mail
rPois    .         Spirit   .   (helmet unavailable)
rElec    .         Reflect  +   B - +0 cloak {+Inv}
rCorr    .         Harm     .   (no gloves)
MR       ++...                  (no boots)
Stlth    ..........             b - +5 amulet of reflection
HPRegen  0.23/turn              i - +2 ring of protection
MPRegen  0.16/turn              t - ring of protection from magic

@: no status effects
A: permanent stasis, dig shafts and tunnels, four strong arms, antennae 3
a: Dig, Shaft Self, Upheaval, Renounce Religion, Evoke Invisibility


You were on level 10 of the Dungeon.
You worshipped Qazlal.
Qazlal was pleased with you.
You were not hungry.

You visited 2 branches of the dungeon, and saw 11 of its levels.

You collected 526 gold pieces.

Inventory:

Hand Weapons
 a - a +1 war axe (weapon)
Armour
 c - a +0 shield (worn)
 d - a +0 plate armour
 x - a +1 chain mail (worn)
 B - a +0 cloak of invisibility (worn)
Jewellery
 b - a +5 amulet of reflection (around neck)
 i - a +2 ring of protection (left hand)
 n - an uncursed ring of positive energy
 q - an uncursed ring of magical power
 t - a ring of protection from magic (right hand)
 z - an uncursed amulet of the gourmand
 D - a +1 ring of protection
 G - an uncursed ring of resist corrosion
Wands
 l - a wand of iceblast (6)
 s - a wand of random effects (9)
 w - a wand of disintegration (6)
 C - a wand of acid (6)
 E - a wand of paralysis (17)
Scrolls
 e - 3 scrolls of remove curse
 g - 8 scrolls of identify
 j - 2 scrolls of fear
 k - 3 scrolls of enchant weapon
 p - a scroll of fog {unknown}
 r - 5 scrolls of amnesia {unknown}
 v - 5 scrolls of teleportation {unknown}
 y - 2 scrolls of immolation {unknown}
 A - a scroll of random uselessness {unknown}
Potions
 h - 2 potions of ambrosia
 m - 4 potions of curing
 o - 2 potions of magic {unknown}
 u - a potion of brilliance
 I - a potion of flight
Books
 F - a book of Debilitation

   Spells                             Type                      Level
   a - Corona                         Hexes                        1
   b - Slow                           Hexes                        2
   c - Inner Flame                    Hexes/Fire                   3
   d - Portal Projectile              Hexes/Translocation          3
   e - Cause Fear                     Hexes                        4
   f - Leda's Liquefaction            Hexes/Earth                  4
Comestibles
 f - 15 rations


   Skills:
 - Level 5.5 Fighting
 + Level 12.0 Axes
 - Level 3.2 Armour
 - Level 9.2 Shields
 - Level 10.2 Invocations


You had 10 spell levels left.
You didn't know any spells.

Dungeon Overview and Level Annotations

Branches:
Dungeon (10/15)            Temple (1/1) D:5            Lair (0/6) D:9
    Orc: D:9-12

Altars:
Ashenzari
Cheibriados
Dithmenos
Elyvilon
Fedhas
Gozag
Hepliaklqana
Kikubaaqudgha
Makhleb
Nemelex Xobeh
Okawaru
Qazlal
Ru
Sif Muna
Trog
Uskayaw
Vehumet
Wu Jian
Xom
Yredelemnul
Zin
The Shining One

Shops:
D:8 *

Annotations:
D:8 exclusion: oklob plant
D:10 Fannar


Innate Abilities, Weirdness & Mutations

You cannot be hasted, slowed, berserked, paralysed or teleported.
You can dig through walls and to a lower floor.
Your four strong arms can wield two-handed weapons with a shield.
You have a pair of large antennae on your head. (SInv)


Message History

Fannar is severely wounded.
You block Fannar's attack.
You barely miss Fannar.
Fannar is severely wounded.
Fannar casts a spell.
Fannar blinks!
You hit Fannar.
Fannar is severely wounded.
Fannar hits you but does no damage.
You closely miss Fannar.
Fannar is severely wounded.
You block Fannar's attack.
You closely miss Fannar.
Fannar is severely wounded.
You block Fannar's attack.
You miss Fannar.
Fannar is severely wounded.
Fannar points at you and mumbles some strange words.
The bolt of cold hits you!
You die...

######{#
.......
.....? #
#.##.# ...#
#. #.##.#
#..# #.#
#.##.# ....
..###.##.#
#..###
#.#..§#.# #..
..###..e@..#
#.#
#.#.#.§.###
##.##
#.###.##
#.<.## #.#
#.#
#...#..###.#
#..
#...#...##.#
####
...#####....#
##....(..####
....#..##


You could see Fannar.

Vanquished Creatures
  Erolcha (D:9)
  A two-headed ogre (D:9)
  The ghost of endorz the Cleaver, a novice HOFi of Okawaru (D:7)
  The ghost of melissanoelle the Digger, a novice DrEE of Vehumet (D:6)
  Psyche (D:9)
  A troll (D:9)
  The ghost of beanieboyaka the Shield-Bearer, an amateur HOFi of Beogh (D:4)
  A yak (D:8)
  3 hogs (D:8)
  A human (D:8)
  2 water moccasins
  4 sky beasts
  An ice beast (D:8)
  A black bear (D:8)
  2 orc warriors
  5 ogres
  2 centaurs
  A big kobold (D:3)
  4 bullfrogs
  3 scorpions (D:4)
  A howler monkey (D:5)
  A jelly (D:7)
  4 crimson imps
  A bullfrog zombie (D:8)
  A centaur zombie (D:7)
  9 orc priests
  Crazy Yiuf (D:3)
  6 hounds
  Jessica (D:2)
  5 iguanas
  Ijyb (D:3)
  Natasha (thrice) (D:2)
  14 orc wizards
  2 worker ants
  A killer bee zombie (D:9)
  A worker ant zombie (D:9)
  9 gnolls
  7 adders
  A shadow imp (D:9)
  2 oozes
  3 worms
  2 dart slugs
  5 leopard geckos
  36 orcs
  8 giant cockroaches
  4 goblins
  10 hobgoblins
  15 jackals
  4 quokkas
  7 bats
  4 frilled lizards
  2 jackal skeletons
  6 kobolds
  A leopard gecko skeleton (D:4)
  A quokka zombie (D:6)
  8 rats
  4 fungi (D:8)
  3 plants (D:8)
231 creatures vanquished.

Notes
Turn   | Place    | Note
-------+----------+-------------------------------------------
     0 | D:1      | FessEmpty the Formicid Fighter began the quest for the Orb.
     0 | D:1      | Reached XP level 1. HP: 18/18 MP: 1/1
    66 | D:1      | Reached XP level 2. HP: 15/24 MP: 2/2
   746 | D:2      | Noticed a dagger
   747 | D:2      | Noticed a hand axe
   747 | D:2      | Found a hide-covered altar of Uskayaw.
   760 | D:2      | Reached XP level 3. HP: 18/29 MP: 3/3
   764 | D:2      | Reached skill level 3 in Axes
   769 | D:2      | Reached XP level 4. HP: 14/35 MP: 4/4
  1093 | D:2      | Reached skill level 5 in Shields
  1239 | D:2      | Noticed Natasha
  1255 | D:2      | Killed Natasha
  1255 | D:2      | Reached XP level 5. HP: 34/41 MP: 5/5
  1310 | D:2      | Found an ornate altar of the Wu Jian Council.
  1390 | D:2      | Noticed Natasha
  1401 | D:2      | Killed Natasha
  1610 | D:2      | Reached skill level 4 in Axes
  1786 | D:2      | Noticed Natasha
  1810 | D:2      | Killed Natasha
  1810 | D:2      | Reached XP level 6. HP: 28/47 MP: 6/6
  2010 | D:2      | Noticed Jessica
  2016 | D:2      | Killed Jessica
  2312 | D:3      | Noticed Ijyb
  2332 | D:3      | Killed Ijyb
  2518 | D:3      | Found a runed door.
  2874 | D:3      | Noticed Crazy Yiuf
  2884 | D:3      | Killed Crazy Yiuf
  3030 | D:4      | Noticed an ogre
  3108 | D:3      | Reached skill level 5 in Axes
  3294 | D:4      | Reached XP level 7. HP: 37/52 MP: 7/7
  3506 | D:4      | Found a shimmering altar of Xom.
  3816 | D:4      | Reached skill level 6 in Axes
  3873 | D:4      | Reached XP level 8. HP: 32/58 MP: 8/8
  3905 | D:4      | Found a white marble altar of Elyvilon.
  4129 | D:4      | Noticed beanieboyaka's ghost (amateur HOFi)
  4153 | D:4      | Killed beanieboyaka's ghost
  4191 | D:4      | Reached skill level 7 in Axes
  4475 | D:4      | Found a snail-covered altar of Cheibriados.
  4566 | D:5      | Entered Level 5 of the Dungeon
  5005 | D:5      | Found a staircase to the Ecumenical Temple.
  5033 | Temple   | Entered the Ecumenical Temple
  5125 | Temple   | Became a worshipper of Qazlal Stormbringer
  5257 | D:5      | Reached skill level 1 in Invocations
  5675 | D:5      | Reached XP level 9. HP: 63/64 MP: 10/10
  6341 | D:6      | Noticed melissanoelle's ghost (novice DrEE)
  6763 | D:6      | Killed melissanoelle's ghost
  6763 | D:6      | Reached skill level 8 in Axes
  6910 | D:6      | Reached skill level 5 in Invocations
  7196 | D:7      | Found a sacrificial altar of Ru.
  7251 | D:7      | Noticed a hippogriff
  7327 | D:7      | Noticed endorz's ghost (novice HOFi)
  7489 | D:7      | Reached * piety under Qazlal
  7525 | D:7      | Reached skill level 9 in Axes
  7786 | D:7      | Killed endorz's ghost
  7786 | D:7      | Reached XP level 10. HP: 27/70 MP: 15/15
  8294 | D:8      | Reached skill level 10 in Axes
  8601 | D:8      | Reached ** piety under Qazlal
  9051 | D:8      | Found a shadowy altar of Dithmenos.
  9064 | D:8      | Found a blossoming altar of Fedhas.
  9079 | D:8      | Noticed an oklob plant
  9267 | D:8      | Found Qeodasin's Serpentskin Sales.
  9446 | D:9      | Reached skill level 11 in Axes
  9465 | D:9      | Found a staircase to the Lair.
  9502 | D:9      | Noticed Psyche
  9552 | D:9      | Killed Psyche
  9552 | D:9      | Reached XP level 11. HP: 44/78 MP: 18/18
  9626 | D:9      | Noticed a two-headed ogre
  9745 | D:9      | Killed a two-headed ogre
  9773 | D:9      | Noticed Erolcha
  9795 | D:9      | Killed Erolcha
  9795 | D:9      | Reached skill level 5 in Fighting
  9795 | D:9      | Reached skill level 10 in Invocations
  9814 | D:9      | Reached *** piety under Qazlal
  9963 | D:9      | Reached skill level 12 in Axes
 10217 | D:10     | Entered Level 10 of the Dungeon
 10248 | D:10     | Noticed Fannar
 10299 | D:10     | Killed from afar by Fannar

Skill      XL: |  1  2  3  4  5  6  7  8  9 10 11 |
---------------+----------------------------------+-----
Shields        | 4 5 6 7 9 |  9.2
Axes           | 3 4 5 6 7 9 11 12 | 12.0
Invocations    | 2 7 9 10 | 10.2
Fighting       | 4 5 |  5.5
Armour         | |  3.2

Action                   |  1- 3 |  4- 6 |  7- 9 | 10-12 || total
-------------------------+-------+-------+-------+-------++-------
Melee: War axe           |    68 |   249 |   396 |   385 ||  1098
Invok: Elemental Force   |       |       |       |     1 ||     1
Evoke: Wand              |       |       |     3 |     5 ||     8
  Use: Potion            |       |     3 |     3 |     2 ||     8
       Scroll            |       |       |     2 |     5 ||     7
 Stab: Invisible         |       |     2 |       |       ||     2
       Paralysed         |       |       |     2 |       ||     2
  Eat: Ration            |       |     3 |     2 |     3 ||     8
       Chunk             |       |       |     9 |     1 ||    10
Armor: Scale mail        |    23 |       |       |       ||    23
       Chain mail        |    11 |   124 |    81 |    72 ||   288
Dodge: Dodged            |    15 |    56 |    62 |    52 ||   185
Block: Shield            |    32 |   127 |   255 |   277 ||   691
       Reflection        |       |       |       |     4 ||     4
